 Dungeon Crawl Stone Soup version 0.18-a0-1575-g920359c (webtiles) character file.

396 namelastname112 the Sneak (level 6, -12/76 HPs)
             Began as a Draconian Assassin on Mar 16, 2016.
             Killed from afar by Dowan (29 damage)
             ... with a shard of ice
             ... on level 4 of the Dungeon.
             The game lasted 00:04:03 (1883 turns).

namelastname112 the Sneak (Draconian Assassin)      Turns: 1883, Time: 00:04:03

Health: -12/76     AC: 23    Str: 13    XL:     6   Next: 52%
Magic:  6/6        EV:  2    Int: 12    God:
Gold:   133        SH:  0    Dex: 14    Spells: 0 memorised, 5 levels left

rFire  . . .     SeeInvis .     (no weapon)
rCold  . . .     Gourm    .     (armour unavailable)
rNeg   + + +     Faith    .     (no shield)
rPois  +         Spirit   .     (helmet currently unavailable)
rElec  .         Dismiss  .     (cloak currently unavailable)
rCorr  +         Reflect  .     (gloves currently unavailable)
SustAt .         Harm     .     (boots currently unavailable)
MR     .....     NoTele   +     (no amulet)
Stlth  ++++......               (no ring)
                                w - ring of resist corrosion

@: lethally poisoned (-12 -> -29), tree-form, not resistant to hostile
enchantments, stealthy
A: unfitting armour, (cold-blooded), AC +6
a: no special abilities


You were on level 4 of the Dungeon.
You were not hungry.
You were a tree.
You visited 1 branch of the dungeon, and saw 4 of its levels.

You collected 133 gold pieces.

Inventory:

Hand Weapons
 a - a +2 dagger
 b - a +0 blowgun
Missiles
 d - 5 poisoned needles
 e - 2 curare-tipped needles
 q - 8 needles of confusion
 s - 6 javelins (quivered)
Armour
 c - a +0 cloak (melded)
 v - a +2 hat (melded)
 A - a +0 pair of gloves (melded)
Jewellery
 w - a ring of resist corrosion (left branch)
Scrolls
 g - a scroll of remove curse {unknown}
 i - 5 scrolls of identify {unknown}
 k - a scroll of random uselessness {unknown}
 o - a scroll of immolation {unknown}
 p - a scroll of amnesia {unknown}
 t - a scroll of enchant weapon {unknown}
 y - a scroll of fog {unknown}
 B - 2 scrolls of magic mapping {unknown}
 D - a scroll of teleportation {unknown}
Potions
 j - a potion of agility {unknown}
 m - a potion of lignification
 n - 3 potions of invisibility {unknown}
 u - a potion of mutation {unknown}
 x - a potion of brilliance {unknown}
 z - a potion of flight
Comestibles
 f - a bread ration
 h - 3 fruits
 l - 2 meat rations
 r - a beef jerky
 C - 5 chunks of flesh


   Skills:
 + Level 3.6 Fighting
 * Level 4.1 Short Blades
 + Level 2.5 Throwing
 + Level 2.6 Dodging
 * Level 5.0 Stealth


You had 5 spell levels left.
You didn't know any spells.

Dungeon Overview and Level Annotations

Branches:
Dungeon (4/15)
 Temple: D:4-7

Altars:
Ru

Annotations:
D:4 Dowan; Edmund; namelastname112's ghost, amateur DrGl


Innate Abilities, Weirdness & Mutations

((Your plain brown scales are hard (AC +6).))
Your body does not fit into most forms of armour.
((You are cold-blooded and may be slowed by cold attacks.))


Message History

Your +0 pair of gloves melds into your body.
Your roots penetrate the ground.
You feel sick. Dowan hits you but does no damage.
Edmund hits you but does no damage.
You are more poisoned.
Wield which item (- for none, * to show all)? (? for menu, Esc to quit)
You are now empty-handed.
You feel sick. Dowan gestures at you while chanting. The shard of ice hits you!
* * * LOW HITPOINT WARNING * * *
Really attack barehanded?
You closely miss Edmund.
You feel sick. Dowan hits you but does no damage.
Edmund hits you but does no damage.
You are lethally poisoned!
You hit Edmund.
Edmund is lightly wounded.
* * * LOW HITPOINT WARNING * * *
You feel sick. Dowan gestures at you while chanting. The shard of ice hits you!
You die...

###.#.#....##......#
#.#.###.#
#.(........##......#
#)#..[..#
#.#.#.#....##....(.#
###.#######
#..........##.....##
#...#
...........##.....#
#.###
.....#<#.####.....# #.#
#....#.#.# #§#)### #.#
.....#.#.# #†#e### #.#
...#<..#.# #.#.♣.####.#
##...###.. #.###@#...>#
############.....#.####
#.......##..#..#.#
#...≈...#...#....#
#......e#.#....###
#.≈..l≈.'.#.####
#.......###.# #...≈...#
#.#


You could see Edmund and Dowan.

Vanquished Creatures
  Duvessa (D:4)
  An ogre (D:4)
  2 hounds (D:4)
  4 worker ants (D:4)
  2 worms
  2 dart slugs
  5 giant geckos
  An orc (D:4)
  8 bats
  4 giant cockroaches
  7 hobgoblins
  A quokka (D:4)
  A giant newt (D:4)
  4 kobolds
  8 rats
51 creatures vanquished.

Notes
Turn   | Place    | Note
--------------------------------------------------------------
     0 | D:1      | namelastname112 the Draconian Assassin began the quest for the Orb.
     0 | D:1      | Reached XP level 1. HP: 17/17 MP: 1/1
   130 | D:1      | Reached skill level 1 in Dodging
   198 | D:1      | Reached XP level 2. HP: 23/25 MP: 2/2
   522 | D:2      | Reached XP level 3. HP: 19/30 MP: 3/3
   564 | D:2      | Reached skill level 4 in Stealth
  1119 | D:3      | Found a sacrificial altar of Ru.
  1396 | D:4      | Reached XP level 4. HP: 30/37 MP: 4/4
  1449 | D:4      | Noticed namelastname112's ghost (amateur DrGl)
  1590 | D:4      | Reached XP level 5. HP: 40/45 MP: 5/5
  1669 | D:4      | Noticed an ogre
  1693 | D:4      | Killed an ogre
  1828 | D:4      | Noticed Edmund
  1828 | D:4      | Noticed Duvessa
  1828 | D:4      | Noticed Dowan
  1850 | D:4      | Reached XP level 6. HP: 51/51 MP: 6/6
  1872 | D:4      | Killed Duvessa
  1872 | D:4      | Reached skill level 5 in Stealth
  1883 | D:4      | Killed from afar by Dowan

Vault maps used:
D:1:      sevenhm_arrival_forest_fort_small_6
D:3:      nicolae_ru_awakened_eye
D:4:      hangedman_abyss_or_decor_stabs, kennysheep_generic_room_10,
          uniq_edmund, uniq_duvessa

Skill      XL: |  1  2  3  4  5  6 |
---------------+-------------------+-----
Dodging        | 1 2 |  2.6
Stealth        | 4 5 |  5.0
Short Blades   | 3 4 |  4.1
Fighting       | 3 |  3.6
Throwing       | 2 |  2.5

Action                   |  1- 3 |  4- 6 || total
-------------------------+-------+-------++-------
Melee: Dagger            |   126 |    35 ||   161
       Unarmed           |       |     2 ||     2
 Fire: Blowgun           |     1 |     8 ||     9
  Use: Potion            |       |     2 ||     2
 Stab: Sleeping          |    10 |     1 ||    11
  Eat: Chunk             |       |     3 ||     3
